 Dungeon Crawl Stone Soup version 0.22.0-13-g43fe8f2 (webtiles) character file.

2624 Aviak the Fighter (level 9, -2/78 HPs)
             Began as a Formicid Transmuter on Aug 16, 2018.
             Was an Initiate of Yredelemnul.
             Slain by a sky beast (6 damage)
             ... on level 5 of the Dungeon.
             The game lasted 00:07:58 (4492 turns).

Aviak the Fighter (Formicid Transmuter)             Turns: 4492, Time: 00:07:59

Health: -2/78      AC: 19    Str: 20    XL:     9   Next: 91%
Magic:  12/12      EV:  9    Int: 13    God:    Yredelemnul [......]
Gold:   312        SH:  0    Dex: 13    Spells: 11/12 levels left

rFire    . . .     SeeInvis +   y - +2 flail (venom)
rCold    . . .     Gourm    .   (no shield)
rNeg     . . .     Faith    .   h - +0 plate armour
rPois    .         Spirit   .   (helmet unavailable)
rElec    .         Reflect  .   c - +0 cloak
rCorr    +         Harm     .   (no gloves)
MR       .....                  m - +0 pair of boots
Stlth    ..........             (no amulet)
HPRegen  0.23/turn              v - ring of resist corrosion
MPRegen  0.13/turn              (no ring)

@: lethally poisoned (-2 -> -2), very slightly contaminated, invisible
A: permanent stasis, dig shafts and tunnels, four strong arms, antennae 3, icy
blue scales 1, agile 1, screaming 1, strong 1
a: Dig, Shaft Self, Renounce Religion


You were on level 5 of the Dungeon.
You worshipped Yredelemnul.
Yredelemnul was noncommittal.
You were hungry.

You visited 2 branches of the dungeon, and saw 6 of its levels.

You collected 312 gold pieces.

Inventory:

Hand Weapons
 y - a +2 flail of venom (weapon)
Missiles
 a - 122 arrows
Armour
 c - a +0 cloak (worn)
 h - a +0 plate armour (worn)
 m - a +0 pair of boots (worn)
Jewellery
 b - a +3 ring of protection {unknown}
 v - a ring of resist corrosion (left hand)
Scrolls
 g - 2 scrolls of enchant weapon {unknown}
 i - 2 scrolls of teleportation {unknown}
 n - 2 scrolls of enchant armour {unknown}
 r - 5 scrolls of remove curse
 s - a scroll of fear {unknown}
 u - 2 scrolls of blinking {unknown}
Potions
 e - a potion of degeneration {!q!q}
 f - a potion of invisibility
 l - a potion of agility {unknown}
 o - a potion of flight
 p - a potion of heal wounds {unknown}
 t - 2 potions of mutation {!q}
Comestibles
 d - 9 rations


   Skills:
 + Level 9.9 Fighting
 + Level 3.5(4.1) Maces & Flails
   Level 3.1(3.9) Staves
 + Level 9.7 Armour
 - Level 6.6 Dodging
 - Level 4.0 Unarmed Combat
 - Level 2.1 Spellcasting
 - Level 2.1 Transmutations


You had 11 spell levels left.
You knew the following spells:

 Your Spells              Type           Power        Failure   Level  Hunger
a - Beastly Appendage     Tmut           #.....       87%         1    ##.....

Your spell library contained the following spells:

 Spells                   Type           Power        Failure   Level  Hunger
 Apportation              Tloc           #.....       99%         1    ##.....
 Lightning Bolt           Conj/Air       #.........   100%        5    ######.
 Shock                    Conj/Air       #...         99%         1    ##.....
 Swiftness                Chrm/Air       #.......     100%        2    ###....
 Spider Form              Tmut/Pois      #.........   100%        3    ####...
 Blade Hands              Tmut           #.........   100%        5    ######.
 Ice Form                 Ice/Tmut       #.......     100%        4    #####..
 Airstrike                Air            #.........   100%        4    #####..
 Sticks to Snakes         Tmut           #.......     95%         2    ###....
 Static Discharge         Conj/Air       #.......     100%        3    ####...


Dungeon Overview and Level Annotations

Branches:
Dungeon (5/15)             Temple (1/1) D:5

Altars:
Ashenzari
Cheibriados
Elyvilon
Fedhas
Gozag
Hepliaklqana
Kikubaaqudgha
Makhleb
Nemelex Xobeh
Okawaru
Ru
Sif Muna
Trog
Vehumet
Wu Jian
Yredelemnul
Zin
The Shining One

Shops:
D:5 [


Innate Abilities, Weirdness & Mutations

You cannot be hasted, slowed, berserked, paralysed or teleported.
You can dig through walls and to a lower floor.
Your four strong arms can wield two-handed weapons with a shield.
You have a pair of large antennae on your head. (SInv)
You are partially covered in icy blue scales. (AC +2)
You are agile. (Dex +2)
You occasionally shout uncontrollably at your foes.
Your muscles are strong. (Str +2)


Message History

You feel agile.
You feel the urge to shout.
Icy blue scales grow over part of your body.
You feel stronger.
The sky beast flickers out of sight for a moment.
The sky beast hits you but does no damage.
It was a potion of experience.
You feel more experienced!
Your Fighting skill gained 3 levels and is now at level 9!
Your Armour skill gained 3 levels and is now at level 9!
Your Dodging skill gained 4 levels and is now at level 6!
You have reached level 9!
Your experience leads to an increase in your attributes!
Your base attributes are Str 17, Int 13, Dex 11.
Increase (S)trength, (I)ntelligence, or (D)exterity?
You feel stronger.
You feel sick. The sky beast hits you.
* * * LOW HITPOINT WARNING * * *
The sky beast shocks you.
You die...
Your body rises from the dead as a mindless zombie.

.##....# #.#...........# #.
.#..#.####.#########...# #.
...................)o..# ##
.###......#######.##...#
.#∩#............o......≈...
##'#............{...##....#{
.#..#.##########{#...#....#{
.#..#.#...# #Y##...#....#
.#..#.#...######@#...#....#
(##.#.'...'..# ###..... ..'
)##.#.#...##.# #'#... #
....#>#...##.# ... #
##....#...##.# ## '.....#...##.#
#. #.....#...##.# ##############♣
#...#.######.######............#♣
#...#>######.#............#....#♣


You could see a sky beast (invisible).

Vanquished Creatures
  Menkaure (D:5)
  Edmund (D:4)
  An ice beast (D:5)
  2 scorpions
  2 hounds
  Crazy Yiuf (D:3)
  6 orc priests
  A bullfrog skeleton (D:5)
  8 orc wizards
  4 worker ants
  A hound skeleton (D:5)
  2 worker ant zombies (D:5)
  4 gnolls (D:5)
  11 adders
  A shadow imp (D:5)
  2 oozes
  2 worms
  3 dart slugs
  A leopard gecko (D:4)
  31 orcs
  A giant cockroach (D:1)
  7 goblins
  5 hobgoblins
  2 kobolds (D:2)
  A quokka (D:4)
  7 bats
  3 frilled lizards
  A leopard gecko zombie (D:4)
  2 rats
114 creatures vanquished.

Notes
Turn   | Place    | Note
-------+----------+-------------------------------------------
     0 | D:1      | Aviak the Formicid Transmuter began the quest for the Orb.
     0 | D:1      | Reached XP level 1. HP: 15/15 MP: 3/3
   160 | D:1      | Reached XP level 2. HP: 20/21 MP: 5/5
   846 | D:2      | Reached XP level 3. HP: 27/27 MP: 6/6
   897 | D:2      | HP: 1/27 [poisoned by an adder]
  1437 | D:2      | Found an ancient bone altar of Kikubaaqudgha.
  1441 | D:2      | Found a deep blue altar of Sif Muna.
  1443 | D:2      | Found a radiant altar of Vehumet.
  1447 | D:2      | Identified Sif Muna's Grimoire of the Voyage
  1525 | D:3      | Reached skill level 1 in Armour
  1525 | D:3      | Reached XP level 4. HP: 31/33 MP: 7/7
  1596 | D:3      | Found a bloodstained altar of Trog.
  1599 | D:3      | Found a sparkling altar of Nemelex Xobeh.
  1619 | D:3      | Found a snail-covered altar of Cheibriados.
  1790 | D:3      | Reached XP level 5. HP: 22/40 MP: 8/8
  2041 | D:3      | Found a runed door.
  2281 | D:3      | Noticed Crazy Yiuf
  2289 | D:3      | Killed Crazy Yiuf
  2352 | D:4      | Reached XP level 6. HP: 47/47 MP: 9/9
  2358 | D:4      | Reached skill level 1 in Staves
  2521 | D:4      | Reached XP level 7. HP: 17/54 MP: 10/10
  3155 | D:4      | Noticed Edmund
  3167 | D:4      | Killed Edmund
  3296 | D:4      | Reached skill level 5 in Fighting
  3624 | D:5      | Entered Level 5 of the Dungeon
  3632 | D:5      | Noticed Menkaure
  3636 | D:5      | Killed Menkaure
  3636 | D:5      | Reached skill level 1 in Maces & Flails
  3636 | D:5      | Reached XP level 8. HP: 60/62 MP: 11/11
  3652 | D:5      | Found a glowing silver altar of Zin.
  3720 | D:5      | Reached skill level 5 in Armour
  4178 | D:5      | Found a staircase to the Ecumenical Temple.
  4191 | Temple   | Entered the Ecumenical Temple
  4196 | Temple   | Became a worshipper of Yredelemnul the Dark
  4290 | D:5      | Found Qiogom's Armour Boutique.
  4491 | D:5      | Gained mutation: You are agile. (Dex +2) [potion of mutation]
  4491 | D:5      | Gained mutation: You occasionally shout uncontrollably at your foes. [potion of mutation]
  4491 | D:5      | Gained mutation: You are partially covered in icy blue scales. (AC +2) [potion of mutation]
  4491 | D:5      | Gained mutation: Your muscles are strong. (Str +2) [potion of mutation]
  4492 | D:5      | Reached XP level 9. HP: 7/78 MP: 12/12
  4492 | D:5      | Slain by a sky beast

Skill      XL: |  1  2  3  4  5  6  7  8 |
---------------+-------------------------+-----
Dodging        | 2 6 |  6.6
Fighting       | 2 3 4 5 9 |  9.9
Armour         | 1 2 3 4 9 |  9.7
Unarmed Combat | 4 |  4.0
Staves         | 2 3 |  3.1
Maces & Flails | 1 3 |  3.5
Spellcasting   | |  2.1
Transmutations | |  2.1

Action                   |  1- 3 |  4- 6 |  7- 9 || total
-------------------------+-------+-------+-------++-------
Melee: Unarmed           |    86 |   144 |       ||   230
       Kick              |     4 |       |       ||     4
       Punch             |     1 |       |     1 ||     2
       Quarterstaff      |       |    71 |    44 ||   115
       Flail             |       |       |   170 ||   170
 Cast: Beastly Appendage |     3 |       |       ||     3
 Abil: Dig               |       |       |     2 ||     2
  Use: Potion            |     4 |     1 |     3 ||     8
       Scroll            |     3 |       |       ||     3
 Stab: Sleeping          |     2 |       |       ||     2
       Confused          |       |     1 |       ||     1
       Petrifying        |       |       |     1 ||     1
  Eat: Chunk             |     1 |     4 |     7 ||    12
Armor: Robe              |     9 |       |       ||     9
       Plate armour      |    31 |   194 |   173 ||   398
Dodge: Dodged            |    29 |    52 |    83 ||   164
